 Dungeon Crawl Stone Soup version 0.30-a0-172-gc5509c9e31 (webtiles) character file.

Game seed: 14059500498586349664

157676 freelancePsychic the Fighter (level 17, 0/161 (200) HPs)
             Began as a Grey Draconian Reaver on Oct 1, 2022.
             Was the Champion of Ru.
             Killed from afar by a wretched star (10 damage)
             ... with a lance of force
             ... on level 4 of the Spider Nest.
             The game lasted 01:06:25 (32395 turns).

freelancePsychic the Fighter (DrRe)                Turns: 32395, Time: 01:06:25

HP:   0/161 (200)   AC: 29    Str: 22    XL:     17   Next: 12%
MP:   12/20         EV: 17    Int: 21    God:    Ru [******]
Gold: 1711          SH:  6    Dex: 12    Spells: 17/32 levels left

rFire   + . .      SeeInvis .      - Unarmed
rCold   + . .      Faith    .    x - +1 buckler of Wu Jian's Benevolence {rPois rF+ rC+ Regen+}
rNeg    + . .      Spirit   .    (body armour unavailable)
rPois   ∞          Reflect  .    (helmet restricted)
rElec   +          Harm     .    d - +2 cloak
rCorr   .          Rampage  .    (gloves currently unavailable)
Will    .....                    (boots currently unavailable)
Stlth   +++.......               (no amulet)
HPRegen 0.00/turn                I - ring of the Amoeba {MP-9 Str+6 Int+7 Slay+3}
MPRegen 0.17/turn                l - +4 ring of evasion

@: statue-form, sick, studying Ice Magic, heavily drained, unable to drink, very
slow
A: slow and powerful, torment resistance 1, boosted hp, AC +14, amphibious,
unfitting armour, no potion heal 1, cold-blooded, inability to drink after
injury 2, inability to use devices, weak-willed 1, unskilled 1, [clumsy 2],
[deterioration 2]
a: End Transformation, Renounce Religion, Draw Out Power, Power Leap, Apocalypse


You were on level 4 of the Spider Nest.
You worshipped Ru.
Ru was exalted by your worship.
You were a living statue of rough stone.
You visited 4 branches of the dungeon, and saw 26 of its levels.
You visited the Abyss 1 time.
You also visited: Sewer, Bailey, Gauntlet and Ice Cave.

You collected 3433 gold pieces.
You spent 1722 gold pieces at shops.

Inventory:

Hand Weapons
 a - the +7 rapier "Iniyng" {venom, rC++ rN+ Str-5}
   (You acquired it on level 1 of the Dungeon)

   It poisons the flesh of those it strikes.
   Str:       It affects your strength (-5).
   rC:        It greatly protects you from cold.
   rN:        It protects you from negative energy.
Missiles
 z - 4 throwing nets
 M - 2 silver javelins
 N - 7 javelins
Armour
 d - a +2 cloak (worn)
 x - the +1 buckler of Wu Jian's Benevolence (worn) {rPois rF+ rC+ Regen+}
   (You acquired it on level 5 of the Dungeon)

   rF:        It protects you from fire.
   rC:        It protects you from cold.
   rPois:     It protects you from poison.
   Regen:     It increases your rate of health regeneration.
 A - a +1 pair of gloves of dexterity (melded)
 G - a +0 pair of boots of rampaging (melded)
 J - the +0 hat of Honesty {rElec rF- Dex+8}
   (You found it in a Gauntlet)

   Dex:       It affects your dexterity (+8).
   rF:        It makes you vulnerable to fire.
   rElec:     It insulates you from electricity.
 L - a +1 kite shield of protection
Jewellery
 i - a +4 ring of protection
 l - a +4 ring of evasion (right fist)
 E - a ring of resist corrosion
 I - the ring of the Amoeba (left fist) {MP-9 Str+6 Int+7 Slay+3}
   (You found it in a Gauntlet)

   [ring of strength]

   Str:       It affects your strength (+6).
   Int:       It affects your intelligence (+7).
   Slay:      It affects your accuracy & damage with ranged weapons and melee
   (+3).
   MP:        It affects your magic capacity (-9).
 K - a ring of wizardry
 T - a ring of protection from cold
 V - a ring of flight
Scrolls
 k - 5 scrolls of noise
 p - 15 scrolls of teleportation {@r4}
 q - 2 scrolls of summoning
 u - 9 scrolls of enchant weapon
 y - 7 scrolls of immolation
 B - 3 scrolls of fear
 F - 7 scrolls of poison
 H - 3 scrolls of brand weapon
 O - 2 scrolls of blinking
 P - a scroll of silence
 Q - 4 scrolls of identify {@r1}
 R - 3 scrolls of enchant armour
 U - a scroll of magic mapping
 X - a scroll of amnesia
Potions
 b - 3 potions of haste {@q3}
 c - 4 potions of berserk rage
 e - 4 potions of ambrosia
 f - 4 potions of resistance
 g - 5 potions of brilliance
 j - 13 potions of curing {@q1}
 m - 3 potions of cancellation
 n - 4 potions of degeneration
 o - 3 potions of heal wounds {@q2}
 r - 9 potions of flight
 t - 2 potions of might {unknown}
 v - 4 potions of magic
 w - 2 potions of lignification
 D - 3 potions of mutation {unknown}
 S - 2 potions of attraction {unknown}
 Y - 2 potions of invisibility
Miscellaneous
 C - a phantom mirror


   Skills:
 + Level 14.4 Fighting
 - Level 13.8(14.0) Short Blades
 - Level 2.6(9.4) Long Blades
 - Level 5.8 Dodging
 - Level 4.5 Stealth
 + Level 6.1 Shields
 * Level 7.1 Unarmed Combat
 - Level 8.4 Spellcasting
 - Level 3.4 Conjurations
 - Level 6.2 Necromancy
 - Level 1.8 Translocations
 - Level 11.0 Transmutations
 - Level 12.9 Earth Magic


You had 17 spell levels left.
You knew the following spells:

 Your Spells              Type           Power      Damage    Failure   Level
a - Kiss of Death         Conj/Necr      100%       2d13      1%          1
b - Momentum Strike       Conj/Tloc      40%        3d9       4%          2
c - Apportation           Tloc           32%        N/A       4%          1
d - Statue Form           Tmut/Erth      37%        N/A       11%         6
e - Borgnjor's Vile Clut  Necr/Erth      24%        N/A       5%          5

Your spell library contained the following spells:

 Spells                   Type           Power      Damage    Failure   Level
 Lee's Rapid Deconstruct  Erth           29%        3d16*     1%          5
 Magic Dart               Conj           92%        1d7       2%          1
 Blade Hands              Tmut           26%        N/A       3%          5
 Foxfire                  Conj/Fire      64%        2x1d7     4%          1
 Blink                    Tloc           32%        N/A       7%          2
 Leda's Liquefaction      Hex/Erth       18%        N/A       7%          4
 Animate Dead             Necr           35%        N/A       8%          4
 Lesser Beckoning         Tloc           16%        N/A       13%         3
 Call Imp                 Summ           8%         N/A       14%         2
 Hailstorm                Conj/Ice       16%        3d6       14%         3
 Mephitic Cloud           Conj/Pois/Air  13%        N/A       19%         3
 Inner Flame              Hex/Fire       8%         N/A       28%         3
 Ozocubu's Armour         Ice            8%         N/A       28%         3
 Summon Guardian Golem    Hex/Summ       8%         N/A       28%         3
 Alistair's Intoxication  Tmut/Pois      20%        N/A       28%         5
 Manifold Assault         Tloc           16%        N/A       41%         4
 Flame Wave               Conj/Fire      16%        2d7       43%         4
 Sticky Flame             Conj/Fire      16%        2d4       43%         4
 Iron Shot                Conj/Erth      21%        9d5       45%         6
 Iskenderun's Battlesphe  Conj           23%        2d8       54%         5
 Olgreb's Toxic Radiance  Pois           8%         N/A       67%         4
 Death Channel            Necr           17%        N/A       75%         6
 Arcjolt                  Conj/Air       8%         1d18      78%         5
 Summon Forest            Summ/Tloc      6%         N/A       88%         5
 Metabolic Englaciation   Hex/Ice        4%         N/A       95%         5
 Summon Mana Viper        Hex/Summ       8%         N/A       95%         5
 Simulacrum               Ice/Necr       10%        N/A       99%         6
 Summon Cactus Giant      Summ           4%         N/A       100%        6
 Orb of Destruction       Conj           11%        9d6       100%        7
 Ozocubu's Refrigeration  Ice            4%         4d8       100%        7
 Spellforged Servitor     Conj/Summ      8%         N/A       100%        7
 Storm Form               Tmut/Air       15%        N/A       100%        7
 Ignition                 Fire           4%         3d4       100%        8
 Animate Armour           Summ/Erth      Unusable   N/A       N/A         4

Dungeon Overview and Level Annotations

Branches:
Dungeon (15/15)            Temple (0/1) D:4            Lair (5/5) D:8
  Swamp (0/4) Lair:3       Spider (4/4) Lair:2        Slime (0/5) Lair:5
    Orc (2/2) D:9             Elf (0/3) Orc:2        Vaults (0/5) D:13
 Depths (0/4) D:15          Sewer (visited)          Bailey (visited)
  IceCv (visited)         Gauntlet (visited)

Altars:
Ashenzari
Dithmenos
Elyvilon
Hepliaklqana
Kikubaaqudgha
Makhleb
Okawaru
Qazlal
Ru
Trog
Vehumet
Xom
Yredelemnul
Zin
Jiyva

Shops:
D:5 *(   Orc:1 *   Orc:2 (:[([

Portals:
Trove: D:10 (give 12 scrolls of teleportation)

Annotations:
D:4 Ijyb
D:8 exclusion: wizard
D:13 3 runed translucent doors, Jecwihi's ghost, journeyman DsGl; Yteof's ghost, journeyman DECj
D:14 Roxanne
Spider:4 Louise


Innate Abilities, Weirdness & Mutations

You are a living statue of rough stone.
Your actions are slow, but your melee attacks are powerful.
You are resistant to unholy torment.
Your maximum health is greatly increased.
You are immune to poison.
Your equipment is partially melded.
((Your dull iron-grey scales are very hard. (AC +14)))
You are amphibious.
You cannot fit into any form of body armour.
Potions are less effective at restoring your health.
You are cold-blooded and may be slowed by cold attacks.
You sometimes lose the ability to drink potions when taking damage.
You cannot study or use magical devices.
You are slightly weak-willed. (Will-)
You are somewhat unskilled. (-1 Apt)
[You are very clumsy. (Dex -4)]
[Your body often deteriorates upon taking damage.]


Message History

The ynoxinul begins to attack, but is stunned by your conviction!
The starcursed mass touches you but does no damage.
The ynoxinul gestures.
The starcursed mass misses you.
The wretched star glows turbulently.
The lance of force misses you. A chorus of shrieks assaults your mind.
* * * LOW HITPOINT WARNING * * *
The wretched star pulses with an eldritch light!
You feel clumsy. x2; You feel yourself wasting away.
You feel your body start to fall apart.
You pass through the gate.
Welcome back to the Spider Nest!
Level annotation: Louise The wolf spider hits you!
* * * LOW HITPOINT WARNING * * *
You block the wolf spider's attack.
The jumping spider is stunned by your conviction and fails to attack.
You redirect something's attack!
Something hits the starcursed mass. x2; Something stings the starcursed mass.
The starcursed mass is destroyed!
The boulder beetle leaps!
You redirect Louise's attack!
Louise casts a spell at the jumping spider.
The steelbarb worm is devoured by a tear in reality.
As you read the scroll of summoning, it crumbles to dust.
Wisps of shadow whirl around you... The wolf spider completely misses you.
The wolf spider closely misses you. The jumping spider closely misses you.
You block the jumping spider's attack.
You redirect something's attack!
Something hits you.
* * * LOW HITPOINT WARNING * * *
Deactivating autopickup; reactivate with Ctrl-A.
Something hits you but does no damage. Something barely misses you.
The wolf spider is stunned by your conviction and fails to attack.
The jumping spider is stunned by your conviction and fails to attack.
The wretched star glows turbulently.
The lance of force hits you!
You feel threatened and lose the ability to drink potions!
You die...

.^ .#. ?# ..
###.... .
###... .# ^.
##.#...#.##.#.
#....s#......^
#^.....*s.@...
#^[sB<8{§.....
##^s.ss§......
#...B..§....#
#........^##^^
#..........# #
########...#
^.## #.#


You could see Louise (distracted), a wretched star (ally target), a wolf spider
(ally target), a jumping spider, a friendly boulder beetle (summoned), 2
friendly culicivoras, a friendly pharaoh ant (summoned), a friendly jumping
spider (summoned, wandering) and a friendly tarantella (summoned, wandering).

Vanquished Creatures
  Bai Suzhen (Spider:3)
  Arachne (Spider:2)
  A lich (IceCv)
  A tentacled starspawn (Abyss:3)
  Kirke (D:13)
  Donald (Orc:1)
  3 broodmothers (Spider:3)
  A very ugly thing (D:15)
  Nessos (Lair:5)
  The ghost of Xiutytse the Covert, a journeyman GnDe of Gozag (Lair:3)
  A minotaur (Gauntlet)
  2 spark wasps
  Snorg (D:14)
  2 entropy weavers
  2 great orbs of eyes
  A fire dragon (Lair:5)
  2 rakshasas
  2 jorogumos
  23 starcursed masses (Abyss:3)
  5 hydras
  A ghost crab (Gauntlet)
  4 vault guards (D:13)
  3 caustic shrike simulacra (IceCv)
  3 catoblepae
  Erica (D:11)
  An anaconda (Lair:5)
  3 centaur warriors
  6 two-headed ogres
  4 radroaches
  5 boulder beetles
  A tengu warrior (D:14)
  9 death yaks (Lair:5)
  3 orc high priests (Orc:2)
  Urug (Lair:2)
  A thrashing horror (Abyss:3)
  Sonja (Lair:3)
  5 pharaoh ants
  A fire crab (shapeshifter) (D:14)
  4 skeletal warriors (D:13)
  A sun moth (Spider:2)
  6 orb spiders
  5 steelbarb worms
  A sea snake (shapeshifter) (D:15)
  A lindwurm (Lair:3)
  4 orc knights
  3 bog bodies
  A spriggan simulacrum (IceCv)
  An obsidian statue (IceCv)
  A swamp dragon (Lair:5)
  2 deep elf pyromancers (D:14)
  A necromancer (IceCv)
  2 orc sorcerers (Orc:2)
  8 ugly things (D:15)
  2 moths of wrath
  4 cyclopes
  2 slime creatures (D:15)
  7 manticores
  A will-o-the-wisp (Abyss:3)
  11 wolf spiders
  Maurice (D:10)
  5 black mambas
  Joseph (D:9)
  2 guardian serpents (D:14)
  2 smoke demons (Abyss:3)
  A torpor snail (shapeshifter) (D:13)
  8 cane toads
  A molten gargoyle (Lair:4)
  A torpor snail (Lair:2)
  An unseen horror (D:10)
  Maggie (D:9)
  2 gargoyles
  A hellion (Abyss:3)
  11 demonic crawlers
  15 freezing wraiths (IceCv)
  5 kobold demonologists
  An efreet (D:9)
  A yaktaur (D:15)
  An ice devil (IceCv)
  9 komodo dragons
  4 anaconda simulacra (IceCv)
  3 rime drakes
  2 golden dragon simulacra (IceCv)
  A tengu conjurer (D:13)
  A queen bee (Lair:3)
  5 trolls
  An ancient zyme (Abyss:3)
  9 polar bears (Lair:5)
  A hornet (Lair:3)
  17 tarantellas
  A tarantella (shapeshifter) (D:14)
  3 raiju
  4 flying skulls (Gauntlet)
  20 blink frogs
  20 culicivoras
  19 jumping spiders
  4 wraiths
  3 vampires
  2 shadows (D:10)
  7 wyverns
  7 basilisks
  4 water elementals (D:14)
  30 yaks
  A hog (D:13)
  A fire elemental (Lair:4)
  8 humans (D:13)
  2 dire elephant simulacra (IceCv)
  Eustachio (D:5)
  39 redbacks
  A chaos spawn (Abyss:3)
  2 minotaur simulacra (IceCv)
  6 small abominations (Abyss:3)
  4 swamp worms
  5 vampire mosquitoes
  A steam dragon (Lair:5)
  10 wargs
  2 hydra simulacra (IceCv)
  2 harpy simulacra (IceCv)
  4 acid dragons
  12 water moccasins
  2 swamp drakes (Lair:5)
  14 hell hounds (Lair:5)
  5 large abominations (Abyss:3)
  4 alligator simulacra (IceCv)
  2 ettin simulacra (IceCv)
  33 orc warriors
  3 ice beasts
  11 black bears (Lair:5)
  A sky beast (D:8)
  10 ogres
  17 wolves
  4 centaurs
  A phantom (D:7)
  6 kobold brigands
  12 bullfrogs
  3 gnoll sergeants
  4 necrophages
  6 scorpions
  2 deep troll simulacra (IceCv)
  6 wights
  10 killer bees
  4 lindwurm simulacra (IceCv)
  2 howler monkeys
  7 electric eels
  A hound (D:6)
  A jelly (D:8)
  19 orc priests
  Crazy Yiuf (D:6)
  3 gnoll boudas
  An iron imp (Abyss:3)
  10 iguanas
  24 orc wizards
  16 gnolls
  5 adders
  A river rat (Sewer)
  A shadow imp (D:5)
  A white imp (D:5)
  An ufetubus (D:6)
  3 dart slugs
  2 worms (Lair:2)
  77 orcs
  2 bats (D:1)
  4 endoplasms (D:1)
  5 giant cockroaches
  2 goblins
  2 hobgoblins (D:1)
  7 jackals
  4 quokkas
  4 ball pythons
  A frilled lizard (D:3)
  16 kobolds
  9 rats
905 creatures vanquished.

Vanquished Creatures (collateral kills)
  An orc knight (Orc:2)
  An orc sorcerer (Orc:2)
2 creatures vanquished.

Vanquished Creatures (others)
  An ogre mage (D:15)
  A tengu warrior (D:13)
  A steelbarb worm (Spider:1)
  2 orc knights (Orc:2)
  A cyclops (D:13)
  A cane toad (Lair:2)
  2 tengu conjurers (D:14)
  An ancient zyme (Abyss:3)
  A wind drake (shapeshifter) (D:14)
  A tarantella (Spider:3)
  2 culicivoras
  3 humans (D:13)
  A vampire mosquito (Spider:2)
  A redback (Spider:1)
  A swamp worm (Gauntlet)
  An orc warrior (Orc:2)
  An ogre (Orc:2)
  A killer bee (Lair:3)
  A starcursed mass (Spider:4)
  An orc priest (Orc:2)
  An iguana (Lair:5)
  4 adders
  A worm (D:2)
  A dart slug (D:2)
  10 orcs
  3 endoplasms
  A goblin (D:2)
  A hobgoblin (D:2)
  A jackal (D:1)
  2 quokkas (D:2)
  2 ball pythons
  A bat (D:2)
  4 kobolds
  A rat (D:2)
  2 foxfires (Abyss:3)
  12 fungi
  59 plants
  2 starspawn tentacles (Abyss:3)
  3 withered plants (D:13)
136 creatures vanquished.

Grand Total: 1043 creatures vanquished

Notes
Turn   | Place    | Note
-------+----------+-------------------------------------------
     0 | D:1      | freelancePsychic the Draconian Reaver began the quest for
                  | the Orb.
     0 | D:1      | Reached XP level 1. HP: 17/17 MP: 3/3
   144 | D:1      | Reached XP level 2. HP: 15/25 MP: 5/5
   150 | D:1      | Learned a level 2 spell: Momentum Strike
   420 | D:1      | Identified a scroll of acquirement
   420 | D:1      | Acquired the +7 rapier "Iniyng" {venom, rC++ rN+ Str-5}
   475 | D:1      | Reached skill level 1 in Translocations
  1995 | D:3      | Reached XP level 3. HP: 30/30 MP: 6/6
  2958 | D:3      | Found a faded altar of an unknown god.
  2961 | D:3      | Prayed at the altar of an unknown god.
  2961 | D:3      | Became a worshipper of Ru the Awakened
  2987 | D:3      | Gained mutation: You occasionally lose the ability to drink
                  | potions when taking damage. [Ru sacrifice]
  2987 | D:3      | Gained mutation: You sometimes lose the ability to drink
                  | potions when taking damage. [Ru sacrifice]
  2987 | D:3      | Reached * piety under Ru
  3194 | D:4      | Found a staircase to the Ecumenical Temple.
  3229 | D:4      | Reached skill level 3 in Fighting
  3354 | D:4      | Found a white marble altar of Elyvilon.
  3392 | D:4      | Reached XP level 4. HP: 37/38 MP: 4/7
  3516 | D:4      | Found a shimmering altar of Xom.
  3553 | D:4      | Noticed Ijyb
  3632 | D:4      | Reached skill level 1 in Short Blades
  3678 | D:4      | Noticed an ogre
  3766 | D:4      | Killed an ogre
  3767 | D:4      | Reached skill level 4 in Fighting
  3767 | D:4      | Reached XP level 5. HP: 38/46 MP: 4/8
  4013 | D:4      | Found a radiant altar of Vehumet.
  4195 | D:5      | Entered Level 5 of the Dungeon
  4251 | D:5      | Noticed an ice beast
  4257 | D:5      | Killed an ice beast
  4263 | D:5      | Found a broken altar of Ashenzari.
  4341 | D:5      | Found a shadowy altar of Dithmenos.
  4347 | D:5      | Found Doidgh's Assorted Antiques.
  4350 | D:5      | Bought an embroidered cloak for 142 gold pieces
  4405 | D:5      | Found a glowing drain.
  4412 | D:5      | Reached XP level 6. HP: 53/53 MP: 9/9
  4418 | Sewer    | Entered a sewer
  4501 | Sewer    | Reached skill level 5 in Fighting
  4566 | Sewer    | Found a glowing silver altar of Zin.
  4682 | D:5      | Found a faded altar of an unknown god.
  4685 | D:5      | Found a faded altar of an unknown god.
  4685 | D:5      | Found a hazy altar of Hepliaklqana.
  4876 | D:5      | Found Qimisut's Antique Weapon Emporium.
  4890 | D:5      | Noticed Eustachio
  4902 | D:5      | Killed Eustachio
  4903 | D:5      | Your scales start taking on a dull iron-grey colour.
  4903 | D:5      | Reached XP level 7. HP: 46/55 MP: 4/10
  4961 | D:5      | Found an ancient bone altar of Kikubaaqudgha.
  5416 | D:6      | Reached skill level 6 in Fighting
  5448 | D:5      | Reached skill level 5 in Short Blades
  5694 | D:6      | Noticed a wyvern
  5700 | D:6      | Killed a wyvern
  5701 | D:6      | Reached XP level 8. HP: 66/71 MP: 8/11
  5728 | D:6      | Identified the +3 chain mail of Daiceaq {*Slow rPois Regen+
                  | Str+3}
  5899 | D:6      | Gained mutation: Potions are less effective at restoring
                  | your health. [Ru sacrifice]
  5899 | D:6      | Reached ** piety under Ru
  6084 | D:6      | Reached skill level 7 in Fighting
  6084 | D:6      | Reached skill level 1 in Stealth
  6389 | D:6      | Found a runed translucent door.
  6390 | D:6      | Noticed Crazy Yiuf
  6397 | D:6      | Killed Crazy Yiuf
  6944 | D:7      | Found a burning altar of Makhleb.
  7037 | D:8      | Noticed a two-headed ogre
  7077 | D:8      | Found a staircase to the Lair.
  7088 | D:8      | Identified the +8 falchion "Ihacebi" {vorpal, rN+ Int+4}
  7095 | D:8      | Noticed a wizard
  7134 | D:8      | Found a flagged portal.
  7143 | Bailey   | Entered a bailey
  7307 | Bailey   | Noticed an orc knight
  7312 | Bailey   | HP: 1/74 [orc warrior/+0 trident (14)]
  7313 | Bailey   | Reached XP level 9. HP: 1/81 MP: 12/12
  7418 | Bailey   | Reached skill level 8 in Fighting
  7763 | Bailey   | Killed an orc knight
  8034 | D:9      | Noticed a troll
  8043 | D:9      | Killed a troll
  8055 | D:9      | Noticed Joseph
  8114 | D:9      | Killed Joseph
  8224 | D:9      | Reached skill level 9 in Fighting
  8224 | D:9      | Reached skill level 5 in Stealth
  8226 | D:9      | Learned a level 1 spell: Apportation
  8301 | D:9      | Gained mutation: You are somewhat unskilled. (-1 Apt) [Ru
                  | sacrifice]
  8301 | D:9      | Reduced skill Fighting to level 8
  8301 | D:9      | Reduced skill Translocations to level 1
  8301 | D:9      | Reached *** piety under Ru
  8319 | D:9      | Found a staircase to the Orcish Mines.
  8481 | D:9      | Noticed a centaur warrior
  8491 | D:9      | Noticed a manticore
  8494 | D:9      | Reached XP level 10. HP: 79/90 MP: 13/13
  8505 | D:9      | Killed a centaur warrior
  8534 | D:9      | Killed a manticore
  8535 | D:9      | Reached skill level 9 in Fighting
  8535 | D:9      | Reached skill level 10 in Short Blades
  8545 | D:9      | Noticed a boulder beetle
  8571 | D:9      | Killed a boulder beetle
  8652 | D:9      | Noticed a two-headed ogre
  8728 | D:9      | Found an iron altar of Okawaru.
  8875 | D:9      | Noticed Maggie
  8894 | D:9      | Killed Maggie
  9030 | D:9      | Killed a two-headed ogre
  9096 | D:9      | Found a basalt altar of Yredelemnul.
  9402 | D:10     | Entered Level 10 of the Dungeon
  9571 | D:10     | Found a portal to a secret trove of treasure.
  9613 | D:10     | Reached XP level 11. HP: 84/99 MP: 14/14
  9965 | D:10     | Noticed Maurice
  9967 | D:10     | Killed Maurice
 10493 | D:10     | Gained mutation: You cannot study or use magical devices.
                  | [Ru sacrifice]
 10493 | D:10     | Reached **** piety under Ru
 10493 | D:10     | Reached ***** piety under Ru
 10735 | D:11     | Noticed Erica
 10746 | D:11     | Killed Erica
 12073 | Orc:1    | Entered Level 1 of the Orcish Mines
 12287 | Orc:1    | Noticed an orc knight
 12290 | Orc:1    | Reached skill level 10 in Fighting
 12497 | D:9      | Killed an orc knight
 12775 | Orc:1    | Found Togota's General Store.
 12788 | Orc:1    | Found a bloodstained altar of Trog.
 12894 | Orc:2    | Entered Level 2 of the Orcish Mines
 12894 | Orc:2    | Noticed Donald
 12902 | Orc:1    | Killed Donald
 12903 | Orc:1    | Reached XP level 12. HP: 31/98 MP: 6/15
 13232 | Orc:1    | Reached skill level 1 in Shields
 13595 | Orc:2    | Found Caorutio's Antique Armour Shop.
 13955 | Orc:2    | Reached skill level 11 in Fighting
 14056 | Orc:2    | Noticed an orc high priest
 14070 | Orc:2    | Killed an orc high priest
 14079 | Orc:2    | Noticed an orc high priest
 14082 | Orc:2    | Killed an orc high priest
 14082 | Orc:2    | Noticed an orc high priest
 14122 | Orc:2    | Found a staircase to the Elven Halls.
 14467 | Orc:2    | Killed an orc high priest
 14471 | Orc:2    | Found Hiniz's Weapon Shop.
 14471 | Orc:2    | Found Uzor's Weapon Shoppe.
 14479 | Orc:2    | Reached skill level 5 in Shields
 14482 | Orc:2    | Reached skill level 12 in Fighting
 14637 | Orc:2    | Found Xotoumpu's Book Shop.
 14637 | Orc:2    | Found Ycle's Antique Armour Shoppe.
 14662 | Orc:2    | Bought a book of the Earth for 360 gold pieces
 14867 | Lair:1   | Entered Level 1 of the Lair of Beasts
 14961 | Lair:1   | Reached skill level 1 in Transmutations
 14961 | Lair:1   | Reached skill level 1 in Earth Magic
 15838 | Lair:2   | Reached XP level 13. HP: 105/118 MP: 16/16
 16048 | Lair:2   | Found a hole to the Spider Nest.
 16074 | Lair:2   | Reached skill level 5 in Earth Magic
 16221 | Lair:2   | Noticed Urug
 16241 | Lair:2   | Killed Urug
 16618 | Lair:2   | Reached skill level 5 in Transmutations
 17265 | Orc:2    | Bought a pair of embroidered boots for 232 gold pieces
 17456 | D:5      | Bought a scroll of acquirement for 988 gold pieces
 17456 | D:5      | Acquired the +1 buckler of Wu Jian's Benevolence {rPois rF+
                  | rC+ Regen+}
 17478 | D:5      | Learned a level 6 spell: Statue Form
 17712 | Lair:3   | Found a gate leading to a gauntlet.
 17721 | Gauntlet | Entered a Gauntlet
 17721 | Gauntlet | Found a transporter.
 17760 | Gauntlet | Found a transporter.
 17775 | Gauntlet | Found a transporter.
 17780 | Gauntlet | Found a transporter.
 17795 | Gauntlet | Found a transporter.
 17814 | Gauntlet | Found a transporter.
 17826 | Gauntlet | Found a transporter.
 17834 | Gauntlet | Found a transporter.
 17834 | Gauntlet | Found a transporter.
 17851 | Gauntlet | Found a transporter.
 17863 | Gauntlet | Found a transporter.
 17875 | Gauntlet | Found a transporter.
 17892 | Gauntlet | Found a transporter.
 17910 | Gauntlet | Found a transporter.
 17912 | Gauntlet | Found a transporter.
 17914 | Gauntlet | Found a runed translucent gate.
 17914 | Gauntlet | Found a runed translucent gate.
 17914 | Gauntlet | Found a runed translucent gate.
 17917 | Gauntlet | Found a large runed translucent door.
 17917 | Gauntlet | Found a large runed translucent door.
 17917 | Gauntlet | Found a large runed translucent door.
 17917 | Gauntlet | Found a large runed translucent door.
 17920 | Gauntlet | Found a large runed translucent door.
 17920 | Gauntlet | Found a large runed translucent door.
 17921 | Gauntlet | Found a large runed translucent door.
 17921 | Gauntlet | Found a large runed translucent door.
 17924 | Gauntlet | Found a large runed translucent door.
 17924 | Gauntlet | Found a large runed translucent door.
 17924 | Gauntlet | Found a runed translucent door.
 17924 | Gauntlet | Found a runed translucent door.
 17925 | Gauntlet | Found a large runed translucent door.
 17926 | Gauntlet | Found a large runed translucent door.
 17935 | Gauntlet | Found a large runed translucent door.
 17935 | Gauntlet | Found a large runed translucent door.
 17936 | Gauntlet | Found a large runed translucent door.
 17937 | Gauntlet | Found a large runed translucent door.
 17937 | Gauntlet | Found a transporter.
 17939 | Gauntlet | Found a transporter.
 18051 | Gauntlet | Found a transporter.
 18269 | Gauntlet | Identified the +0 cloak of Zaegaeph {*Slow rCorr Dex+2}
 18327 | Gauntlet | Identified the ring of the Amoeba {MP-9 Str+6 Int+7 Slay+3}
 18329 | Gauntlet | Identified the +0 hat of Honesty {rElec rF- Dex+8}
 18343 | Gauntlet | Identified the +4 scimitar of Huaxzun {venom, rF+ rN+ MP+9}
 18343 | Gauntlet | Noticed a minotaur
 18367 | Gauntlet | Killed a minotaur
 18426 | Gauntlet | Identified the +1 robe "Zufischal" {rPois rF+ Dex-3
                  | Archmagi}
 18639 | Lair:3   | Found a transporter.
 18836 | Lair:3   | Noticed Sonja
 18841 | Lair:3   | Killed Sonja
 18995 | Lair:3   | Found a staircase to the Swamp.
 19127 | Lair:3   | Gained mutation: You are slightly weak-willed. (Will-) [Ru
                  | sacrifice]
 19127 | Lair:3   | Reached ****** piety under Ru
 19706 | Lair:3   | Found a transporter.
 19773 | Lair:3   | Noticed Xiutytse's ghost (journeyman GnDe)
 19850 | Lair:3   | Killed Xiutytse's ghost
 20098 | Lair:4   | You fall into a shaft and drop 1 floor!
 20098 | Lair:5   | Entered Level 5 of the Lair of Beasts
 20147 | Lair:5   | Reached XP level 14. HP: 90/120 MP: 9/18
 20502 | Lair:4   | Found a stormy altar of Qazlal.
 20948 | Lair:5   | Noticed Nessos
 20961 | Lair:5   | Killed Nessos
 21003 | Lair:5   | Reached skill level 10 in Earth Magic
 21466 | Lair:5   | Reached skill level 5 in Spellcasting
 22586 | Lair:5   | Found a staircase to the Slime Pits.
 22586 | Lair:5   | Found a viscous altar of Jiyva.
 23591 | D:12     | Acquired 539 gold pieces
 24155 | D:13     | Noticed Kirke
 24170 | D:13     | Killed Kirke
 24227 | D:13     | Reached skill level 10 in Transmutations
 24227 | D:13     | Reached XP level 15. HP: 117/121 MP: 1/24
 24671 | D:13     | Found a runed translucent gate.
 24671 | D:13     | Found a runed translucent gate.
 24671 | D:13     | Found a runed translucent gate.
 24673 | D:13     | Noticed Jecwihi's ghost (journeyman DsGl)
 24673 | D:13     | Noticed Yteof's ghost (journeyman DECj)
 24697 | D:13     | Identified the +7 plate armour of the Eternal Fruit {+Blink
                  | Will+ Str+10 Stlth-}
 24890 | D:13     | Found a gate to the Vaults.
 24993 | D:13     | You fall into a shaft and drop 1 floor!
 25026 | D:14     | Noticed Snorg
 25033 | D:14     | Killed Snorg
 25363 | D:14     | Identified Roxanne's Compendium of Shapeshifting
 25363 | D:14     | Noticed Roxanne
 26043 | D:14     | Identified the +8 arbalest "Vuesior" {speed, rC- Will+
                  | Int+5 Dex+4}
 26203 | D:14     | Found a glowing silver altar of Zin.
 26276 | D:15     | Entered Level 15 of the Dungeon
 26476 | D:15     | Found a staircase to the Depths.
 26771 | D:15     | Paralysed by something for 5 turns
 27226 | D:15     | Learned a level 5 spell: Borgnjor's Vile Clutch
 27405 | Spider:1 | Entered Level 1 of the Spider Nest
 27424 | Spider:1 | Reached skill level 1 in Necromancy
 27554 | Spider:1 | Found a frozen archway.
 27649 | IceCv    | Entered an ice cave
 27963 | IceCv    | Found an ancient bone altar of Kikubaaqudgha.
 28087 | IceCv    | Reached skill level 5 in Necromancy
 28091 | IceCv    | Reached XP level 16. HP: 86/139 MP: 9/28
 28243 | IceCv    | Noticed a lich
 28257 | IceCv    | Killed a lich
 28536 | Spider:1 | Reached skill level 13 in Fighting
 29644 | Spider:2 | Reached skill level 1 in Unarmed Combat
 30455 | Spider:2 | Reached skill level 5 in Dodging
 30761 | Spider:3 | Noticed Arachne
 30778 | Spider:2 | Killed Arachne
 31107 | Spider:3 | Reached skill level 5 in Unarmed Combat
 31163 | Spider:3 | Identified the +0 helmet "Geimuss" {Int+3}
 31249 | Spider:3 | Reached skill level 14 in Fighting
 31946 | Spider:4 | Entered Level 4 of the Spider Nest
 31946 | Spider:4 | Noticed Bai Suzhen
 31967 | Spider:3 | Killed Bai Suzhen
 32016 | Spider:4 | Identified the +1 tower shield "Radi" {Regen+ Int+4 Dex+6}
 32016 | Spider:4 | Noticed Louise
 32091 | Abyss:3  | Cast into level 3 of the Abyss (Louise)
 32214 | Abyss:3  | Found a corrupted altar of Lugonu.
 32227 | Abyss:3  | Reached XP level 17. HP: 129/129 MP: 14/29
 32237 | Abyss:3  | Paralysed by accursed screaming for 1 turns
 32394 | Spider:4 | Escaped the Abyss
 32395 | Spider:4 | Killed from afar by a wretched star

Illustrated notes

Levels and vault maps discovered:
D:1:      dpeg_arrival_simpleton_b, layout_loops_ring
D:2:      layout_basic, serial_corexii_hall, corexii_hall_statues_l,
          chequers_hall_statues_corner_a, corexii_hall_statues_l,
          chequers_hall_statues_wall_a
D:3:      layout_basic, hellmonk_ecumenical_altar_defaced_shrine
D:4:      layout_basic, elyvilon_altar_5, general_overflow_altar,
          mainiacjoe_overflow_alcove_4, gammafunk_temple_overflow_wave,
          minmay_temple_entry_waves, uniq_grinder, uniq_ijyb
D:5:      layout_loops_ring, mainiacjoe_overflow_surrounded_room,
          nicolae_hepliaklqana_ecumenical_no_more, mainiacjoe_overflow_paths,
          cheibrodos_ashenzari_chains, gup_sewer_entry_pipe, serial_shops,
          nicolae_shop_window_shopping, nicolae_shop_stone, uniq_eustachio
D:6:      layout_loops_ring, uniq_crazy_yiuf_cottage
D:7:      layout_rooms, marbit_many_paths
D:8:      cheibrodos_wizards_tower, layout_rooms, enter_bailey_8
D:9:      layout_basic, mainiacjoe_overflow_alcove_2,
          mainiacjoe_overflow_concentric_impassable, orc_0_dummy,
          minmay_pinched_square, uniq_joseph, uniq_maggie
D:10:     layout_stronghold, nicolae_trove_entry_free_sample,
          patterned_corridor, uniq_maurice
D:11:     layout_stronghold, uniq_erica
D:12:     layout_rooms, minmay_misc_feat_five
D:13:     layout_loops_corners, ximxim_vaults_locker_room,
          gammafunk_ghost_cemetery, uniq_kirke
D:14:     layout_basic, serial_rivers, chequers_serial_rivers_micro_a,
          chequers_serial_rivers_micro_c, chequers_serial_rivers_room_b,
          chequers_serial_rivers_micro_b, chequers_serial_rivers_large_b,
          lemuel_tele_altar, nrook_guardian_serpent_double, uniq_snorg,
          uniq_roxanne
D:15:     gammafunk_enter_depths_forms, layout_loops_ring,
          beargit_elvish_explorers
Lair:1:   layout_chaotic_city, serial_forest, infiniplex_forest_end_3,
          infiniplex_forest_straight_2, infiniplex_forest_lined_room_2,
          infiniplex_forest_lined_2, infiniplex_forest_clump_medium,
          infiniplex_forest_lined_1, infiniplex_forest_side_room, pond
Lair:2:   layout_hall_layers, nicolae_spider_entry_non_spiders, uniq_urug
Lair:3:   nzn_motion_control, layout_layer_cave,
          nicolae_swamp_entry_splash_gauntlet, gammafunk_ghost_hive,
          gauntlet_entry_generic, lemuel_fruit_fields, grunt_megastairs_3,
          uniq_sonja
Lair:4:   layout_gridlike, basic_altar, lemuel_fruit_tree, grunt_megastairs_2
Lair:5:   guppyfry_lair_end_dragon, layout_cave_pods,
          hangedman_lair_caniforms_friends, dpeg_slime_entry_corner,
          serial_bayou_pond_b, serial_bayou_lake_a, uniq_nessos
Spider:1: layout_cave_pods, portal_ice_cave_entry_pillars_three,
          hangedman_spider_tarantella_strand
Spider:2: layout_spider_delve, einodemon_crawler_minivault
Spider:3: layout_spider_delve, hive_lemuel, uniq_arachne
Spider:4: guppyfry_spider_rune, nicolae_spider_webbed_stairs, uniq_louise,
          uniq_bai_suzhen
Orc:1:    layout_diamond_mine, basic_altar, serial_shops, shop
Orc:2:    grunt_orc_tribal_feast, layout_caves, serial_shops, shop_statue,
          uniq_donald

Skill      XL: |  1  2  3  4  5  6  7  8  9 10 11 12 13 14 15 16 17 |
---------------+----------------------------------------------------+-----
Translocations | 1 2 1 |  1.8
Fighting       | 3 4 5 6 7 8 9 10 12 14 | 14.4
Short Blades   | 2 4 6 8 9 11 13 | 13.8
Stealth        | 3 4 |  4.5
Long Blades    | 2 |  2.6
Dodging        | 3 5 |  5.8
Shields        | 5 6 |  6.1
Transmutations | 3 7 10 11 | 11.0
Earth Magic    | 4 9 11 12 | 12.9
Spellcasting   | 3 6 8 |  8.4
Necromancy     | 5 6 |  6.2
Unarmed Combat | 6 7 |  7.1
Conjurations   | |  3.4

Action                   |  1- 3 |  4- 6 |  7- 9 | 10-12 | 13-15 | 16-18 || total
-------------------------+-------+-------+-------+-------+-------+-------++-------
Melee: Falchion          |    49 |       |       |       |       |       ||    49
       Tailslap          |     9 |     7 |    44 |   140 |   391 |   172 ||   763
       Rapier            |    43 |    76 |   293 |   810 |  1799 |   261 ||  3282
       Punch             |       |       |     4 |    10 |       |       ||    14
       Unarmed           |       |       |       |       |       |   397 ||   397
 Cast: Momentum Strike   |    27 |     5 |    16 |     4 |       |       ||    52
       Kiss of Death     |       |     3 |     1 |     2 |       |       ||     6
       Statue Form       |       |       |       |       |    31 |    26 ||    57
       Borgnjor's Vile C |       |       |       |       |    10 |     3 ||    13
Invok: Sacrifice Drink   |     1 |       |       |       |       |       ||     1
       Sacrifice Purity  |       |       |     1 |       |       |       ||     1
       Draw Out Power    |       |       |     1 |     3 |     4 |     1 ||     9
       Sacrifice Skill   |       |       |     1 |       |       |       ||     1
       Apocalypse        |       |       |       |     4 |     5 |     6 ||    15
       Sacrifice Artific |       |       |       |     1 |       |       ||     1
       Reject Sacrifices |       |       |       |     1 |       |       ||     1
       Power Leap        |       |       |       |       |     2 |       ||     2
       Sacrifice Essence |       |       |       |       |     1 |       ||     1
Evoke: Wand              |       |       |     9 |       |       |       ||     9
  Use: Scroll            |     1 |    10 |     9 |     3 |     9 |     2 ||    34
       Potion            |       |       |     1 |       |       |     5 ||     6
 Stab: Sleeping          |     1 |       |     2 |     6 |    16 |     1 ||    26
       Invisible         |       |       |     4 |     4 |    10 |     9 ||    27
       Distracted        |       |       |       |     3 |    15 |     4 ||    22
       Paralysed         |       |       |       |     3 |     6 |     2 ||    11
       Petrified         |       |       |       |       |     2 |       ||     2
       Petrifying        |       |       |       |       |     1 |       ||     1
       Confused          |       |       |       |       |     1 |       ||     1
Armor: Skin              |    30 |    27 |    93 |   229 |   629 |   403 ||  1411
Dodge: Dodged            |    60 |    42 |   206 |   396 |   985 |   715 ||  2404
Block: Kite shield       |       |       |       |   118 |    61 |       ||   179
       Reflection        |       |       |       |     2 |       |       ||     2
       Buckler           |       |       |       |       |   401 |   251 ||   652

Table legend: (Time is in decaauts)
 A = Elapsed time spent in this place.
 B = Non-inter-level travel time spent in this place.
 C = Inter-level travel time spent in this place.
 D = Time resting spent in this place.
 E = Time spent auto-exploring this place.
 F = Levels seen in this place.
 G = Mean time per level.
                   A        B        C        D        E       F      G
               +--------+--------+--------+--------+--------+-----+--------+
         Total |  32529 |  30625 |   1904 |   1594 |  22618 |  31 | 1049.3 |
       Dungeon |  16407 |  15353 |   1054 |    638 |  12307 |  15 | 1093.8 |
          Lair |   6616 |   6182 |    434 |     75 |   4734 |   5 | 1323.2 |
   Spider Nest |   4204 |   3941 |    263 |    325 |   2566 |   4 | 1051.0 |
  Orcish Mines |   2340 |   2189 |    151 |    466 |   1233 |   2 | 1170.0 |
         Abyss |    406 |    406 |      0 |      0 |    147 |   1 |  406.0 |
         Sewer |    220 |    220 |      0 |      0 |    166 |   1 |  220.0 |
        Bailey |    733 |    733 |      0 |     75 |    461 |   1 |  733.0 |
      Ice Cave |    914 |    914 |      0 |      0 |    607 |   1 |  914.0 |
      Gauntlet |    686 |    686 |      0 |     15 |    395 |   1 |  686.0 |
               +--------+--------+--------+--------+--------+-----+--------+

Top non-repeatable levels by time:
     D:9: 2009 daAuts
  Lair:5: 1879 daAuts
Spider:2: 1579 daAuts
  Lair:3: 1528 daAuts
    D:11: 1464 daAuts
    D:14: 1390 daAuts
Spider:3: 1382 daAuts
   Orc:2: 1305 daAuts
     D:3: 1255 daAuts
  Lair:2: 1239 daAuts
Spider:1: 1196 daAuts
    D:10: 1172 daAuts
     D:5: 1161 daAuts
  Lair:1: 1096 daAuts
     D:6: 1064 daAuts
